 Dungeon Crawl Stone Soup version 0.17.0-56-gd8de76c (webtiles) character file.

386 sugabear the Ducker (level 6, 0/37 HPs)
             Began as a Gargoyle Gladiator on Dec 6, 2015.
             Killed by nerve-wracking pain
             ... invoked by Grinder
              (13 damage)
             ... while paralysed by Grinder
             ... on level 3 of the Dungeon.
             The game lasted 00:06:51 (3524 turns).

sugabear the Ducker (Gargoyle Gladiator)            Turns: 3524, Time: 00:06:51

Health: 0/37       AC: 11    Str: 18    XL:     6   Next: 78%
Magic:  6/6        EV:  2    Int: 10    God:
Gold:   152        SH:  0    Dex: 11    Spells: 0 memorised, 5 levels left

rFire  . . .     SeeInvis +     a - +0 flail
rCold  . . .     Clarity  .     b - +0 leather armour
rNeg   + . .     SustAt   .     (no shield)
rPois  ∞         Gourm    .     c - +0 helmet
rElec  +         Spirit   .     (no cloak)
rCorr  .         Warding  .     o - +2 pair of gloves
rMut   .         Stasis   .     (no boots)
MR     .....                    (no amulet)
Stlth  +.........               (no ring)
                                n - ring of see invisible

@: paralysed, not resistant to hostile enchantments, very unstealthy
A: negative energy resistance 1, electricity resistance, unbreathing,
petrification resistance, rot immunity, AC +4
a: no special abilities


You were on level 3 of the Dungeon.
You were not hungry.

You visited 1 branch of the dungeon, and saw 4 of its levels.
You also visited: Sewer.

You collected 152 gold pieces.

Inventory:

Hand Weapons
 a - a +0 flail (weapon)
Missiles
 d - 3 throwing nets (quivered)
Armour
 b - a +0 leather armour (worn)
 c - a +0 helmet (worn)
 o - a +2 pair of gloves (worn)
Jewellery
 n - a ring of see invisible (left hand)
Scrolls
 g - 3 scrolls of recharging {unknown}
 h - a scroll of identify {unknown}
 m - a scroll of remove curse {unknown}
 p - 3 scrolls of fog {unknown}
 t - 3 scrolls of magic mapping {unknown}
 u - 2 scrolls of teleportation {unknown}
Potions
 f - 4 potions of heal wounds
 i - 4 potions of might {unknown}
 k - a potion of curing {unknown}
 l - a potion of cure mutation {unknown}
 q - a potion of lignification {unknown}
 s - 2 potions of magic {unknown}
Books
 r - a book of Air

   Spells                             Type                      Level
   a - Shock                          Conjuration/Air              1
   b - Swiftness                      Charms/Air                   2
   c - Repel Missiles                 Charms/Air                   2
   d - Static Discharge               Conjuration/Air              3
   e - Lightning Bolt                 Conjuration/Air              5
Comestibles
 e - 2 bread rations
 j - a meat ration
 v - a chunk of flesh


   Skills:
 + Level 3.4 Fighting
 + Level 4.2 Maces & Flails
 + Level 2.0 Throwing
 + Level 2.3 Armour
 + Level 4.5 Dodging
 + Level 0.8 Stealth


You had 5 spell levels left.
You didn't know any spells.

Dungeon Overview and Level Annotations

Branches:
Dungeon (4/15)
 Temple: D:4-7

Altars:
Gozag

Shops:
D:3 *

Annotations:
D:3 Grinder


Innate Abilities, Weirdness & Mutations

You are resistant to torment.
Your stone body is resilient (AC +4).
You are immune to poison.
You resist negative energy.
You are resistant to electric shocks.
You can survive without breathing.
You are immune to petrification.
You are immune to rotting.


Message History

Grinder blinks!
Grinder hits you.
You hit Grinder.
Grinder is heavily wounded.
Grinder gestures.
Grinder blinks!
Grinder gestures at you. Pain shoots through your body!
You hit Grinder but do no damage.
Grinder is heavily wounded.
Grinder hits you but does no damage.
You hit Grinder.
Grinder is heavily wounded.
Grinder gestures at you.
You suddenly lose the ability to move!
Grinder gestures at you. You resist with significant effort.
Grinder gestures at you. Pain shoots through your body!
You die...

#≈.....≈≈≈≈ ######## #
#≈.⌠.⌠.... #......# #
#≈..∩..._ ###.####.#### #
≈.⌠.⌠....≈
##...........##### .....
≈≈≈..###....####.##...†..
≈≈≈ .5..........#
#......... #.#
########...## ##########
#.############[##
#........)...@5#
################


You could see Grinder.

Vanquished Creatures
  2 giant frogs (Sewer)
  6 river rats
  13 adders
  An ooze (Sewer)
  A giant gecko (D:3)
  4 orcs (D:3)
  15 ball pythons
  8 goblins
  5 hobgoblins
  2 quokkas (D:2)
  A ball python skeleton (D:4)
  9 bats
  4 giant cockroaches
  5 giant newts
  6 jackals
  6 kobolds
  33 rats
121 creatures vanquished.

Notes
Turn   | Place    | Note
--------------------------------------------------------------
     0 | D:1      | sugabear the Gargoyle Gladiator began the quest for the Orb.
     0 | D:1      | Reached XP level 1. HP: 12/12 MP: 1/1
   123 | D:1      | Reached XP level 2. HP: 14/17 MP: 2/2
   634 | D:1      | Reached XP level 3. HP: 19/21 MP: 3/3
  1098 | D:2      | Reached skill level 1 in Armour
  1192 | D:2      | Reached XP level 4. HP: 27/27 MP: 4/4
  1850 | D:4      | Found a glowing drain.
  1853 | D:4      | Reached skill level 4 in Maces & Flails
  1891 | D:4      | Reached XP level 5. HP: 20/32 MP: 5/5
  1907 | Sewer    | Entered a sewer
  2759 | Sewer    | Reached XP level 6. HP: 31/37 MP: 6/6
  3436 | D:3      | Found Gozag's Platinum Reserve.
  3437 | D:3      | Found an opulent altar of Gozag.
  3437 | D:3      | Noticed Grinder
  3437 | D:3      | Paralysed by Grinder for 5 turns
  3523 | D:3      | Paralysed by Grinder for 6 turns
  3524 | D:3      | Killed from afar by Grinder

Action                   |  1- 3 |  4- 6 || total
-------------------------+-------+-------++-------
Melee: Flail             |   147 |   319 ||   466
  Use: Potion            |       |     1 ||     1
  Eat: Chunk             |     1 |     9 ||    10
